 Dungeon Crawl Stone Soup version 0.29-a0-483-g69413ace17 (webtiles) character file.

Game seed: 8645531924081182984

93 Hubjo the Firebug (level 4, -2/26 HPs)
             Began as a Deep Elf Fire Elementalist on May 25, 2022.
             Slain by an orc wizard
             ... wielding a +0 dagger
              (4 damage)
             ... on level 3 of the Dungeon.
             The game lasted 00:02:25 (3162 turns).

Hubjo the Firebug (Deep Elf Fire Elementalist)      Turns: 3162, Time: 00:02:25

Health: -2/26      AC:  3    Str:  9    XL:     4   Next: 37%
Magic:  11/11      EV: 12    Int: 22    God:
Gold:   153        SH:  0    Dex: 15    Spells: 9/10 levels left

rFire   . . .      SeeInvis .   c - +2 dagger (protect)
rCold   . . .      Faith    .   (no shield)
rNeg    . . .      Spirit   .   a - +0 robe
rPois   .          Reflect  .   (no helmet)
rElec   .          Harm     .   (no cloak)
rCorr   .          Rampage  .   (no gloves)
Will    .....                   n - +0 pair of boots "Horopow" {Str+4}
Stlth   +.........              j - amulet of magic regeneration
HPRegen 0.08/turn               (no ring)
MPRegen 0.52/turn               (no ring)

@: confused
A: no striking features
a: no special abilities


You were on level 3 of the Dungeon.
You visited 1 branch of the dungeon, and saw 3 of its levels.

You collected 153 gold pieces.

Inventory:

Hand Weapons
 c - a +2 dagger of protection (weapon)
Armour
 a - a +0 robe (worn)
 n - the +0 pair of boots "Horopow" (worn) {Str+4}
   (You found it on level 2 of the Dungeon)

   Str:       It affects your strength (+4).
Jewellery
 j - an amulet of magic regeneration (around neck)
 p - a +6 ring of strength
Scrolls
 f - a scroll of fear {unknown}
 g - 3 scrolls of identify
 h - a scroll of noise
 o - a scroll of enchant armour {unknown}
 q - a scroll of teleportation {unknown}
Potions
 b - 2 potions of magic
 d - a potion of haste {unknown}
 e - 2 potions of ambrosia {unknown}
 i - 3 potions of brilliance {unknown}
 k - a potion of attraction {unknown}
 l - a potion of cancellation {unknown}
 m - a potion of lignification {unknown}
 r - a potion of curing {unknown}
 s - 2 potions of might {unknown}


   Skills:
 * Level 1.9 Fighting
 - Level 2.4 Dodging
 + Level 3.5 Stealth
 + Level 3.8 Spellcasting
 - Level 1.1 Conjurations
 + Level 3.9 Fire Magic


You had 9 spell levels left.
You knew the following spells:

 Your Spells              Type           Power      Damage    Failure   Level
a - Foxfire               Conj/Fire      60%        2x1d7     4%          1

Your spell library contained the following spells:

 Spells                   Type           Power      Damage    Failure   Level
 Scorch                   Fire           42%        2d7       3%          2
 Conjure Flame            Conj/Fire      15%        6-21      12%         3
 Inner Flame              Hex/Fire       12%        N/A       16%         3
 Blink                    Tloc           8%         N/A       17%         2
 Lesser Beckoning         Tloc           4%         N/A       34%         3
 Flame Wave               Conj/Fire      15%        2d6       38%         4
 Manifold Assault         Tloc           4%         N/A       97%         5


Dungeon Overview and Level Annotations

Branches:
Dungeon (3/15)

Altars:


Message History

The orc wizard shouts!
You're too confused to cast spells.
You're too confused to move!
You bump into the rock wall.
The orc wizard closely misses you.
You feel less confused.
You conjure some foxfire!
The foxfire hits the orc wizard.
The orc wizard is lightly wounded.
You conjure some foxfire!
The foxfire hits the orc wizard but does no damage.
The orc wizard is lightly wounded.
The foxfire hits the orc.
The orc is severely wounded.
You conjure some foxfire!
The orc wizard gestures at you while chanting.
The magic dart hits you.
There is not enough space to conjure foxfire!
The foxfire hits the orc wizard.
The orc wizard is heavily wounded.
The orc wizard hits you with a +0 dagger.
You conjure some foxfire!
The orc wizard mumbles some strange words.
The orc wizard flickers and vanishes!
Deactivating autopickup; reactivate with Ctrl-A.
The foxfire hits something.
The orc wizard barely misses you.
You hear some strange, mumbled words.
Something tries to affect you, but you resist.
You conjure some foxfire!
Something hits you.
The orc wizard hits you with a +0 dagger.
The foxfire hits something.
The orc wizard hits you with a +0 dagger.
* * * LOW HITPOINT WARNING * * *
Something hits you.
* * * LOW HITPOINT WARNING * * *
As you read the scroll labelled USUCOL UDEIZ, it crumbles to dust.
It is a scroll of identify.
h - a scroll of noise You hear some strange, mumbled words.
You are confused.
The orc wizard hits you with a +0 dagger.
You die...

.########
.)o.o...# #o#
################o#
...............{@#
################.#
#.# ###


You could see an orc wizard and an orc.

Vanquished Creatures
  An orc wizard (D:3)
  An adder (D:2)
  A dart slug (D:1)
  An orc (D:3)
  4 endoplasms
  2 giant cockroaches
  8 goblins
  5 hobgoblins
  3 jackals (D:1)
  6 ball pythons
  5 bats
  3 frilled lizards
  6 kobolds
  6 rats
52 creatures vanquished.

Vanquished Creatures (collateral kills)
  A foxfire (D:2)
1 creature vanquished.

Vanquished Creatures (others)
  369 foxfires
369 creatures vanquished.

Grand Total: 422 creatures vanquished

Notes
Turn   | Place    | Note
-------+----------+-------------------------------------------
     0 | D:1      | Hubjo the Deep Elf Fire Elementalist began the quest for
                  | the Orb.
     0 | D:1      | Reached XP level 1. HP: 10/10 MP: 6/6
   375 | D:1      | Reached XP level 2. HP: 16/16 MP: 4/8
   875 | D:1      | Reached skill level 1 in Fighting
  1566 | D:1      | Reached XP level 3. HP: 20/20 MP: 1/9
  1997 | D:2      | Found a faded altar of an unknown god.
  2715 | D:2      | Identified the +0 pair of boots "Horopow" {Str+4}
  3141 | D:3      | Reached XP level 4. HP: 26/26 MP: 7/11
  3162 | D:3      | Slain by an orc wizard

Illustrated notes

Levels and vault maps discovered:
D:1:      dpeg_arrival_boxes_within_box, layout_loops_corners, nrook_campfire,
          minmay_3d_cube
D:2:      layout_rooms, dreamdust_ecumenical_altar_grove, minmay_cupped
D:3:      layout_basic, minmay_splitting_lines, uniq_sigmund

Skill      XL: |  1  2 |
---------------+-------+-----
Fighting       | 1 |  1.9
Stealth        | 3 |  3.5
Dodging        | |  2.4
Spellcasting   | |  3.8
Conjurations   | |  1.1
Fire Magic     | |  3.9

Action                   |  1- 3 |  4- 6 || total
-------------------------+-------+-------++-------
Melee: Dagger            |     5 |       ||     5
 Cast: Foxfire           |   209 |     8 ||   217
  Use: Scroll            |       |     1 ||     1
 Stab: Sleeping          |     1 |       ||     1
Armor: Robe              |     2 |       ||     2
Dodge: Dodged            |     5 |     2 ||     7

Table legend: (Time is in decaauts)
 A = Elapsed time spent in this place.
 B = Non-inter-level travel time spent in this place.
 C = Inter-level travel time spent in this place.
 D = Time resting spent in this place.
 E = Time spent auto-exploring this place.
 F = Levels seen in this place.
 G = Mean time per level.
                   A        B        C        D        E       F      G
               +--------+--------+--------+--------+--------+-----+--------+
         Total |   3161 |   3081 |     80 |      0 |   2692 |   3 | 1053.7 |
       Dungeon |   3161 |   3081 |     80 |      0 |   2692 |   3 | 1053.7 |
               +--------+--------+--------+--------+--------+-----+--------+

Top non-repeatable levels by time:
     D:1: 1881 daAuts
     D:2: 874 daAuts
     D:3: 404 daAuts
